 Dungeon Crawl Stone Soup version 0.30-a0-719-gcc4359ea44 (webtiles) character file.

Game seed: 3493347325780324625

1449 funkygono the Magician (level 8, -8/42 HPs)
             Began as a Gargoyle Fire Elementalist on Jan 25, 2023.
             Was an Initiate of Vehumet.
             Killed from afar by a gargoyle (20 damage)
             ... with a stone arrow
             ... on level 6 of the Dungeon on Jan 26, 2023.
             The game lasted 00:14:08 (7413 turns).

funkygono the Magician (Gargoyle Fire Elementalist) Turns: 7413, Time: 00:14:09

Health: -8/42      AC: 11    Str:  7    XL:     8   Next: 75%
Magic:  3/18       EV: 12    Int: 29    God:    Vehumet [......]
Gold:   246        SH:  0    Dex: 17    Spells: 7/20 levels left

rFire   . . .      SeeInvis .    D - +4 mace "Koappuix" {heavy, rElec Str-4 Int+4 Dex+3}
rCold   . . .      Faith    .    (no shield)
rNeg    + . .      Spirit   .    o - +1 leather armour "Ojy Rav" {Dex+4}
rPois   ∞          Reflect  .    h - +2 hat
rElec   +          Harm     .    (no cloak)
rCorr   .          Rampage  .    (no gloves)
Will    .....                    (no boots)
Stlth   ++                       y - amulet of the acrobat
HPRegen 0.27/turn                u - +6 ring of intelligence
MPRegen 0.16/turn                (no ring)

@: no status effects
A: sickness immunity, AC +5, negative energy resistance 1, electricity
resistance, torment resistance 1, petrification resistance
a: Renounce Religion


You were on level 6 of the Dungeon.
You worshipped Vehumet.
Vehumet was noncommittal.
You visited 2 branches of the dungeon, and saw 7 of its levels.
You also visited: Sewer.

You collected 246 gold pieces.

Inventory:

Hand Weapons
 n - a +0 whip
 q - a +3 flail of protection
 D - the +4 mace "Koappuix" (weapon) {heavy, rElec Str-4 Int+4 Dex+3}
   (You found it in a sewer)

   Str:       It affects your strength (-4).
   Int:       It affects your intelligence (+4).
   Dex:       It affects your dexterity (+3).
   rElec:     It insulates you from electricity.
Armour
 a - a +1 robe
 d - a +0 helmet
 h - a +2 hat (worn)
 j - a +0 leather armour
 o - the +1 leather armour "Ojy Rav" (worn) {Dex+4}
   (You found it on level 3 of the Dungeon)

   Dex:       It affects your dexterity (+4).
Jewellery
 f - a ring of see invisible
 u - a +6 ring of intelligence (left hand)
 y - an amulet of the acrobat (around neck)
Wands
 e - a wand of polymorph (8)
 k - a wand of light (3)
Scrolls
 c - a scroll of fear
 r - a scroll of enchant armour
 t - 2 scrolls of poison
 x - a scroll of amnesia
Potions
 b - 2 potions of magic
 g - 4 potions of brilliance
 l - 3 potions of heal wounds
 m - a potion of flight
 p - a potion of curing
 v - 2 potions of berserk rage
 w - 3 potions of degeneration {unknown}
 z - a potion of haste {unknown}
 A - 3 potions of mutation {unknown}
 B - 2 potions of cancellation
 C - 2 potions of invisibility


   Skills:
 + Level 0.5 Fighting
 + Level 1.4 Maces & Flails
 + Level 2.2 Armour
 + Level 2.3 Dodging
 - Level 2.1 Stealth
 + Level 6.6 Spellcasting
 + Level 4.6 Conjurations
 + Level 6.1 Fire Magic


You had 7 spell levels left.
You knew the following spells:

 Your Spells              Type           Power      Damage    Failure   Level
a - Foxfire               Conj/Fire      100%       2x1d9     1%          1
b - Scorch                Fire           90%        2d9       1%          2
c - Kindle Blastsparks    Fire/Tloc/Air  42%        2d13      10%         3
d - Flame Wave            Conj/Fire      41%        2d11      9%          4
e - Stone Arrow           Conj/Erth      46%        3d9       9%          3

Your spell library contained the following spells:

 Spells                   Type           Power      Damage    Failure   Level
 Inner Flame              Hex/Fire       27%        N/A       6%          3
 Animate Armour           Summ/Erth      18%        N/A       58%         4
 Lehudib's Crystal Spear  Conj/Erth      11%        10d4      100%        8


Dungeon Overview and Level Annotations

Branches:
Dungeon (6/15)             Temple (1/1) D:5           Sewer (visited)

Altars:
Cheibriados
Dithmenos
Hepliaklqana
Kikubaaqudgha
Makhleb
Nemelex Xobeh
Okawaru
Qazlal
Uskayaw
Vehumet
Wu Jian
Zin
The Shining One

Shops:
D:1 =

Annotations:
D:3 1 runed translucent door, funkygono's ghost, amateur GrFE
D:5 2 transporters, kae's ghost, novice DsTm


Innate Abilities, Weirdness & Mutations

You are immune to sickness and miasma.
Your stone body is resilient. (AC +5)
You are immune to poison.
You resist negative energy. (rN+)
You are resistant to electric shocks. (rElec)
You are resistant to unholy torment.
You are immune to petrification.


Message History

The foxfire hits the gargoyle.
The gargoyle is heavily damaged.
The gargoyle hurls a stone arrow at you.
The stone arrow hits you!
Unknown command.
Casting: Scorch (safe; 1% risk of failure)
Confirm with . or Enter, or press ? or * to list all spells.
You conjure some foxfire!
The foxfire hits the gargoyle but does no damage.
The gargoyle is heavily damaged.
Casting: Foxfire (safe; 1% risk of failure)
Confirm with . or Enter, or press ? or * to list all spells.
Flames lash the gargoyle but do no damage.
The foxfire hits the gargoyle but does no damage.
The gargoyle is heavily damaged.
Unknown command.
You hit the gargoyle but do no damage.
The gargoyle is heavily damaged.
The gargoyle hits you with a +0 mace! The gargoyle hits you with a +0 mace.
* * * LOW HITPOINT WARNING * * *
Casting: Scorch (safe; 1% risk of failure)
Confirm with . or Enter, or press ? or * to list all spells.
You conjure some foxfire!
The gargoyle hits you with a +0 mace.
* * * LOW HITPOINT WARNING * * *
Casting: Foxfire (safe; 1% risk of failure)
Confirm with . or Enter, or press ? or * to list all spells.
Flames lash the gargoyle but do no damage.
The gargoyle is no longer more vulnerable to fire.
The foxfire hits the gargoyle.
The gargoyle is severely damaged.
The foxfire hits the gargoyle.
The gargoyle is severely damaged.
The gargoyle closely misses you.
Unknown command.
Casting: Scorch (safe; 1% risk of failure)
Confirm with . or Enter, or press ? or * to list all spells.
Flames lash the gargoyle but do no damage.
The gargoyle hurls a stone arrow at you.
The stone arrow hits you!!
You die...

#.# #.# ##..
#.# #.# #...
##.###.# #.>#
##......#####
#..#
...#........#
#..# #
##....#####.#
#..##.#.##
##.#.# #.#
#...§.....
#.#.#
#.###..##.....
#.#.#
#....§@9......
#.#.#
######.####.##
#>#.# #.#
#.... ..#
#####.. ...
.... #... ####
..... #....


You could see a gargoyle.

Vanquished Creatures
  A black bear (D:5)
  An ogre (D:5)
  A kobold brigand (Sewer)
  A gnoll sergeant (D:3)
  5 wights (D:6)
  A howler monkey (D:3)
  2 hounds
  2 iguanas (D:5)
  Ijyb (D:4)
  3 orc wizards
  Natasha (thrice) (D:3)
  26 gnolls
  12 adders
  3 river rats (Sewer)
  A shadow imp (D:5)
  3 dart slugs (D:1)
  20 orcs
  4 endoplasms
  9 giant cockroaches
  7 hobgoblins
  12 jackals (D:3)
  12 kobolds
  3 quokkas
  14 ball pythons
  4 bats (D:1)
  5 frilled lizards
  8 goblins
  24 rats
188 creatures vanquished.

Vanquished Creatures (collateral kills)
  5 foxfires (D:3)
5 creatures vanquished.

Vanquished Creatures (others)
  532 foxfires
  8 plants (D:3)
540 creatures vanquished.

Grand Total: 733 creatures vanquished

Notes
Turn   | Place    | Note
-------+----------+-------------------------------------------
     0 | D:1      | funkygono the Gargoyle Fire Elementalist began the quest
                  | for the Orb.
     0 | D:1      | Reached XP level 1. HP: 10/10 MP: 3/3
    52 | D:1      | Found Iqat's Jewellery Shop.
   102 | D:1      | Reached XP level 2. HP: 14/15 MP: 0/5
   715 | D:1      | Reached XP level 3. HP: 19/19 MP: 3/6
   718 | D:1      | Learned a level 2 spell: Scorch
   722 | D:1      | Learned a level 3 spell: Kindle Blastsparks
   976 | D:1      | You fall into a shaft and drop 1 floor!
  1698 | D:3      | Reached XP level 4. HP: 24/24 MP: 0/7
  1845 | D:3      | Found a glowing golden altar of the Shining One.
  1873 | D:3      | Found a runed translucent door.
  1874 | D:3      | Noticed funkygono's ghost (amateur GrFE)
  1966 | D:3      | Found a hide-covered altar of Uskayaw.
  2059 | D:3      | Noticed Natasha
  2066 | D:3      | Killed Natasha
  2123 | D:3      | Identified the +1 leather armour "Ojy Rav" {Dex+4}
  2259 | D:3      | Reached XP level 5. HP: 28/28 MP: 1/9
  2391 | D:3      | Learned a level 4 spell: Flame Wave
  2572 | D:3      | Noticed Natasha
  2616 | D:3      | Reached XP level 6. HP: 32/32 MP: 3/11
  2813 | D:3      | Reached skill level 5 in Fire Magic
  2858 | D:3      | Killed Natasha
  2972 | D:3      | Reached skill level 1 in Armour
  3039 | D:3      | Reached XP level 7. HP: 36/36 MP: 6/13
  3604 | D:3      | Noticed Natasha
  3615 | D:3      | Killed Natasha
  4011 | D:4      | Found a glowing drain.
  4024 | Sewer    | Entered a sewer
  4542 | Sewer    | Reached skill level 5 in Spellcasting
  4618 | Sewer    | Identified the +4 mace "Koappuix" {heavy, rElec Str-4 Int+4
                  | Dex+3}
  4946 | D:4      | Noticed Ijyb
  4949 | D:4      | Paralysed by Ijyb for 3 turns
  4955 | D:4      | Paralysed by Ijyb for 5 turns
  4962 | D:4      | Killed Ijyb
  5860 | D:4      | Learned a level 3 spell: Stone Arrow
  5860 | D:4      | Upgraded the game from 0.30-a0-718-geaa24f58ff to
                  | 0.30-a0-719-gcc4359ea44
  5899 | D:5      | Entered Level 5 of the Dungeon
  5945 | D:5      | Found a transporter.
  5957 | D:5      | Reached skill level 1 in Maces & Flails
  6053 | D:5      | Found a transporter.
  6077 | D:5      | Reached XP level 8. HP: 41/41 MP: 10/15
  6897 | D:5      | Noticed kae's ghost (novice DsTm)
  6934 | D:5      | Found a staircase to the Ecumenical Temple.
  6941 | Temple   | Entered the Ecumenical Temple
  6951 | Temple   | Became a worshipper of Vehumet
  7403 | D:6      | Noticed a gargoyle
  7413 | D:6      | Killed from afar by a gargoyle

Illustrated notes

Levels and vault maps discovered:
D:1:      psy_arrival_radial01, layout_basic, serial_shops, shop_statue
D:2:      layout_basic, basic_altar, ebering_ecumenical_altar_hall,
          serial_bayou_lagoon_b
D:3:      lemuel_castle_with_subvaults [lemuel_castle_interior_carwin_3],
          layout_rooms, nicolae_tso_swordbearing_angel,
          eat_drink_and_be_merry_uskayaw, ebering_ghost_reflecting_pool,
          serial_forest, infiniplex_forest_clump_tiny,
          infiniplex_forest_clump_small, infiniplex_forest_clump_double,
          infiniplex_forest_clump_long, infiniplex_forest_lined_2,
          infiniplex_forest_zigzag_1, infiniplex_forest_clump_medium,
          infiniplex_forest_lined_corner, infiniplex_forest_lined_3,
          uniq_natasha
D:4:      layout_loops_corners, gup_sewer_entry_pipe, saegor_snake_ambush,
          uniq_ijyb
D:5:      layout_loops_ring, minmay_temple_entry_enclosed_plants,
          enter_ossuary_1, gammafunk_ghost_stat_death
D:6:      layout_loops_ring, gammafunk_temple_overflow_forgotten,
          nicolae_ru_path_of_blood, nicolae_concentric_dashed_squares_mild,
          nicolae_shop_i_like_big_books
Temple:   jpeg_temple_clearing

Skill      XL: |  1  2  3  4  5  6  7  8 |
---------------+-------------------------+-----
Fire Magic     | 4 5 6 |  6.1
Spellcasting   | 3 4 5 6 |  6.6
Conjurations   | 2 3 4 |  4.6
Armour         | 1 2 |  2.2
Maces & Flails | 1 |  1.4
Dodging        | 2 |  2.3
Fighting       | |  0.5
Stealth        | |  2.1

Action                     |  1- 3 |  4- 6 |  7- 9 || total
---------------------------+-------+-------+-------++-------
  Melee: Unarmed           |     4 |       |       ||     4
         Club              |    15 |       |       ||    15
         Whip              |       |     1 |       ||     1
         Mace              |       |       |    16 ||    16
         Flail             |       |       |     6 ||     6
   Cast: Foxfire           |    64 |   100 |   154 ||   318
         Scorch            |     7 |     4 |    36 ||    47
         Flame Wave        |       |       |     1 ||     1
    Use: Scroll            |       |       |    17 ||    17
         Potion            |       |       |     1 ||     1
 Armour: Robe              |    18 |       |       ||    18
         Leather armour    |       |     4 |    36 ||    40
  Dodge: Dodged            |    28 |     1 |    43 ||    72

Table legend: (Time is in decaauts)
 A = Elapsed time spent in this place.
 B = Non-inter-level travel time spent in this place.
 C = Inter-level travel time spent in this place.
 D = Time resting spent in this place.
 E = Time spent auto-exploring this place.
 F = Levels seen in this place.
 G = Mean time per level.
                   A        B        C        D        E       F      G
               +--------+--------+--------+--------+--------+-----+--------+
         Total |   7483 |   7226 |    257 |    965 |   4731 |   8 |  935.4 |
       Dungeon |   6465 |   6227 |    238 |    965 |   3902 |   6 | 1077.5 |
        Temple |    140 |    122 |     18 |      0 |    106 |   1 |  140.0 |
         Sewer |    877 |    877 |      0 |      0 |    723 |   1 |  877.0 |
               +--------+--------+--------+--------+--------+-----+--------+

Top non-repeatable levels by time:
     D:3: 2321 daAuts
     D:1: 1390 daAuts
     D:4: 1302 daAuts
     D:5: 1115 daAuts
   Sewer: 877 daAuts
     D:6: 267 daAuts
  Temple: 140 daAuts
     D:2: 68 daAuts
